[Event "New York Spring IM-D 2022"]
[Site "New York"]
[Date "2022.04.19"]
[Round "9.3"]
[White "Paragua, Mark"]
[Black "Espinosa, Pedro"]
[Result "1-0"]
[ECO "B53"]
[WhiteElo "2456"]
[BlackElo "2012"]
[Annotator "TA"]
[PlyCount "117"]
[EventDate "2022.04.14"]
[EventType "tourn"]
[EventCountry "USA"]
[SourceTitle "playchess.com"]
[Source "ChessBase"]
[SourceQuality "1"]
[TimeControl "5400+30"]

1. e4 c5 2. Nf3 d6 3. d4 cxd4 4. Qxd4 Nf6 5. Nc3 Nc6 6. Bb5 Bd7 7. Bxc6 Bxc6 8. Bg5 e6 9. O-O-O Be7 10. Qd3 $1 {[%emt 0:00:10][%mdl 4] is more profitable than 10.Rhe1 at the moment.} Qa5 11. h4 h6 12. Bxf6 {[%emt 0:02:30] B53: Sicilian: 2...d6: Lines with Qxd4.} Bxf6 13. Nd4 Rc8 {[%emt 0:01:58] [#]} (13... O-O {seems wilder.} 14. g4 d5 15. g5 dxe4 16. Nxc6 bxc6 17. Nxe4 Rad8) 14. g4 $146 {[%emt 0:01:16] The position is equal.} ({Predecessor:} 14. f4 h5 15. g3 O-O 16. Rhe1 Rfd8 17. Kb1 Be8 18. Qf3 b5 19. e5 dxe5 20. fxe5 {1-0 (35) Nakamura,H (2736)-Klekowski,M (2515) Chess.com INT 2020}) 14... Qb6 15. Qe3 Bd7 16. f4 ({Better is} 16. Kb1 $11) 16... e5 $15 17. fxe5 dxe5 (17... Bxe5 $5 18. Rhg1 (18. Nd5 Qc5 $15) 18... Be6 $15) 18. Nf5 {[%emt 0:01:00] And now Qxb6 would win.} Qxe3+ 19. Nxe3 Be7 20. Nf5 Bxf5 21. exf5 Rc4 22. Rhe1 O-O 23. Rxe5 Bxh4 24. Ne4 Rfc8 25. c3 R4c7 26. a4 Kf8 27. Red5 Be7 28. b3 Bf6 29. Nxf6 Rxc3+ 30. Kb2 Rc2+ 31. Kb1 {[%emt 0:00:01] Threatens to win with Rd8+.} gxf6 32. Rd8+ $1 Rxd8 (32... Kg7 $14) 33. Rxd8+ $14 {[%emt 0:00:06][%mdl 4096] Endgame KR-KR} Ke7 34. Ra8 $1 Rc7 (34... Rc3 $16 {was called for.}) 35. Rxa7 $18 Kd6 {[%emt 0:01:27] [#]} 36. a5 $1 Re7 37. Kc2 {[%emt 0:02:56] Hoping for b4.} Re5 (37... Rd7 {keeps fighting.} 38. Kc3 Kc6) 38. Rxb7 $2 (38. Kd3 $18 {and White stays clearly on top.}) 38... Rxa5 $16 39. Rxf7 Ke5 40. b4 Ra2+ 41. Kb3 {[%emt 0:00:02] &Bianco is more active.} Rg2 (41... Ra1 $142) 42. Rg7 ({White should play} 42. Re7+ Kd5 43. Rf7) 42... h5 $2 {[%emt 0:02:36][%mdl 8192] This move loses the game for Black.} (42... Rg1 $16) 43. Re7+ $18 Kf4 44. gxh5 Rh2 45. Rh7 Kxf5 46. b5 {[%emt 0:00:05][%cal Bb4b5,Bb5b6,Bb6b7][%mdl 32] Intending b6 and mate.} Kg5 47. b6 {[%emt 0:00:15] b7 would kill now.} Re2 48. b7 {[%emt 0:01:17] White mates.} ({Weaker is} 48. Rg7+ Kxh5 49. Rh7+ Kg5 $16) 48... Re8 49. Kc4 f5 50. Kd5 Rf8 51. Rc7 Rb8 52. Kc6 Kxh5 {[%emt 0:00:51] [#]} 53. Rc8 $1 Rxb7 54. Kxb7 {[%emt 0:00:04] KR-KP} f4 55. Kc6 f3 56. Kd5 Kg4 57. Ke4 f2 58. Rf8 Kg3 59. Ke3 {[%emt 0:00:05] Weighted Error Value: White=0.09 (flawless) /Black=0.26 (precise)} 1-0